 Dungeon Crawl Stone Soup version 0.30.0-10-gfe55d96785 (webtiles) character file.

Game seed: 11284627414417533771

45626 growler the Black Belt (level 14, -1/145 HPs)
             Began as a Merfolk Transmuter on May 13, 2023.
             Was a High Priest of Wu Jian.
             Slain by an eight-headed hydra (4 damage)
             ... while petrified by a basilisk
             ... on level 5 of the Lair of Beasts.
             The game lasted 01:02:28 (18376 turns).

growler the Black Belt (Merfolk Transmuter)        Turns: 18376, Time: 01:02:30

Health: -1/145     AC:  0    Str: 10    XL:     14   Next: 33%
Magic:  17/20      EV:  1    Int: 15    God:    Wu Jian [*****.]
Gold:   889        SH:  0    Dex: 17    Spells: 0/21 levels left

rFire   x .          .
                       - Unarmed
rCold   + + +        (shield currently unavailable)
rNeg    + + +        R - melded +2 robe {Will+}
rPois   ∞            V - melded +2 helmet
rElec   .            y - melded +2 cloak {Will+}
rCorr   .            x - melded +0 pair of gloves
SInv    .            (boots currently unavailable)
Will    ++...        P - amulet of regeneration
Stlth   +++          o - ring of willpower
HPRegen 1.24/turn    O - +5 ring of evasion
MPRegen 0.17/turn

%: no passive effects
@: exhausted, ice-form, petrified, corroded
A: freezing attack, boosted hp, large, (nimble swimmer 2), (mertail)
a: End Transformation, Renounce Religion, Wall Jump, Serpent's Lash, Heavenly
Storm


You were on level 5 of the Lair of Beasts.
You worshipped Wu Jian.
Wu Jian was extremely pleased with you.
You were a creature of crystalline ice.
You visited 3 branches of the dungeon, and saw 17 of its levels.

You collected 915 gold pieces.
You spent 26 gold pieces at shops.

Inventory:

Missiles
 e - 4 boomerangs
 S - a throwing net
Armour
 x - a +0 pair of gloves (melded)
 y - a +2 cloak of willpower (melded)
 R - a +2 robe of willpower (melded)
 V - a +2 helmet (melded)
Jewellery
 o - a ring of willpower (left front paw)
 I - a ring of positive energy
 K - a +6 ring of intelligence
 L - a ring of poison resistance
 O - a +5 ring of evasion (right front paw)
 P - an amulet of regeneration (around neck)
 Q - a +6 ring of strength
 U - a ring of see invisible
 W - a ring of wizardry
Wands
 a - a wand of digging (2)
 g - a wand of flame (39)
 m - a wand of iceblast (5)
 u - a wand of mindburst (10)
 A - a wand of polymorph (5)
 E - a wand of paralysis (11)
 H - a wand of quicksilver (9)
Scrolls
 c - 4 scrolls of enchant weapon
 h - 5 scrolls of noise
 i - a scroll of amnesia
 j - 8 scrolls of teleportation
 l - 2 scrolls of torment
 n - 2 scrolls of vulnerability
 p - a scroll of fog
 s - 4 scrolls of magic mapping
 t - 2 scrolls of fear
 w - a scroll of summoning
 C - 3 scrolls of enchant armour
 J - 3 scrolls of immolation
 N - 2 scrolls of poison
 T - a scroll of silence
Potions
 b - 7 potions of lignification
 d - 3 potions of magic
 f - 3 potions of haste
 k - a potion of mutation
 q - 5 potions of flight
 r - 9 potions of curing
 v - a potion of brilliance
 z - 4 potions of attraction
 B - a potion of ambrosia {unknown}
 D - 5 potions of might
 F - a potion of cancellation
 G - 2 potions of invisibility
 M - 4 potions of heal wounds


   Skills:
 + Level 14.5 Fighting
 - Level 9.0 Dodging
 - Level 6.0 Stealth
 + Level 17.2 Unarmed Combat
 - Level 4.0 Spellcasting
 - Level 10.0 Transmutations
 - Level 4.0 Ice Magic
 - Level 5.0 Earth Magic


You couldn't memorise any spells.
You knew the following spells:

 Your Spells              Type           Power      Damage    Failure   Level
a - Beastly Appendage     Tmut           66%        N/A       1%          1
b - Wereblood             Tmut           33%        N/A       1%          2
c - Spider Form           Tmut/Pois      18%        N/A       7%          3
d - Ice Form              Ice/Tmut       24%        N/A       10%         4
e - Statue Form           Tmut/Erth      16%        N/A       77%         6
f - Blade Hands           Tmut           16%        N/A       9%          5

Your spell library contained the following spells:

 Spells                   Type           Power      Damage    Failure   Level
 Passwall                 Tmut/Erth      20%        N/A       1%          2
 Sting                    Tmut/Pois      72%        1d6       2%          1
 Ozocubu's Armour         Ice            15%        N/A       11%         3
 Ensorcelled Hibernation  Hex/Ice        18%        N/A       12%         2
 Foxfire                  Conj/Fire      12%        2x1d4     19%         1
 Magic Dart               Conj           12%        1d3       19%         1
 Summon Small Mammal      Summ           12%        N/A       19%         1
 Poisonous Vapours        Pois/Air       6%         N/A       26%         2
 Searing Ray              Conj           6%         2d4       26%         2
 Call Canine Familiar     Summ           3%         N/A       47%         3
 Gell's Gravitas          Tloc           3%         N/A       47%         3
 Summon Guardian Golem    Hex/Summ       3%         N/A       47%         3
 Swiftness                Air            3%         N/A       47%         3
 Teleport Other           Tloc           3%         N/A       47%         3
 Leda's Liquefaction      Hex/Erth       5%         N/A       54%         4
 Irradiate                Conj/Tmut      9%         3d14      54%         5
 Lee's Rapid Deconstruct  Erth           9%         3d7*      54%         5
 Fulminant Prism          Conj/Hex       1%         3d5       87%         4
 Olgreb's Toxic Radiance  Pois           3%         N/A       87%         4
 Dragon Form              Tmut           16%        N/A       94%         7
 Fireball                 Conj/Fire      1%         3d3       99%         5
 Dispersal                Tloc           1%         N/A       100%        6
 Plasma Beam              Fire/Air       1%         2x1d12    100%        6
 Starburst                Conj/Fire      1%         6d3       100%        6
 Ozocubu's Refrigeration  Ice            7%         4d9       100%        7


Dungeon Overview and Level Annotations

Branches:
Dungeon (11/15)            Temple (1/1) D:4            Lair (5/5) D:9
 Shoals (0/4) Lair:3        Snake (0/4) Lair:2        Slime (0/5) Lair:5
    Orc: D:9-12

Altars:
Ashenzari
Cheibriados
Dithmenos
Elyvilon
Fedhas
Gozag
Hepliaklqana
Kikubaaqudgha
Makhleb
Nemelex Xobeh
Okawaru
Qazlal
Ru
Sif Muna
Trog
Uskayaw
Vehumet
Wu Jian
Xom
Yredelemnul
Zin
The Shining One

Shops:
D:5 [   D:9 *

Annotations:
Lair:3 1 runed translucent door


Innate Abilities, Weirdness & Mutations

You are a creature of crystalline ice.
You have a powerful freezing melee attack.
Your maximum health is increased.
You are immune to poison.
Your armour is entirely melded.
You are incapable of wielding weapons or throwing items.
((You are very nimble when in or above water. (Stealth+, EV+, Speed+++)))
((Your lower body shifts to a powerful aquatic tail in water.))


Message History

The eight-headed hydra bites you. The jelly hits you. The acid corrodes you!
You are splashed with acid!
The eight-headed hydra closely misses you.
The eight-headed hydra bites you! The eight-headed hydra bites you.
The eight-headed hydra barely misses you.
The eight-headed hydra bites you! x2
The eight-headed hydra barely misses you.
The eight-headed hydra bites you.
You have turned to stone.
An elephant comes into view.
The eight-headed hydra bites you. The eight-headed hydra bites you! x2
The eight-headed hydra bites you. The eight-headed hydra bites you!
The eight-headed hydra bites you.
The eight-headed hydra bites you but does no damage.
The eight-headed hydra bites you!
An elephant comes into view. x2
The eight-headed hydra completely misses you.
The eight-headed hydra bites you but does no damage.
The eight-headed hydra bites you! The eight-headed hydra bites you.
The eight-headed hydra bites you!
* * * LOW HITPOINT WARNING * * *
The eight-headed hydra bites you.
* * * LOW HITPOINT WARNING * * *
The eight-headed hydra bites you!
* * * LOW HITPOINT WARNING * * *
The eight-headed hydra bites you!
* * * LOW HITPOINT WARNING * * *
The elephant tramples you but does no damage.
The elephant trunk-slaps you. The jelly hits you. The acid corrodes you!
You are splashed with acid!
* * * LOW HITPOINT WARNING * * *
The eight-headed hydra bites you!
* * * LOW HITPOINT WARNING * * *
The eight-headed hydra bites you.
* * * LOW HITPOINT WARNING * * *
The eight-headed hydra bites you!
* * * LOW HITPOINT WARNING * * *
The eight-headed hydra bites you!
* * * LOW HITPOINT WARNING * * *
The eight-headed hydra bites you!
You die...

### ### ###
###.####.###.#
####.#..##...##.#
#.............P.#
##...............##
#P................#
##....†...†..P...P#
#..##.J....†..P†..###...
#....DYY......P.††......
#.#..l.D†......#.......P.
D....l######..##..P..#...
...... #..###P......#
..YY.. #..P##........
..... ##†#######.P..
>l..# #†.# .... .... #<.#
..!. ####


You could see an eight-headed hydra, a five-headed hydra, 3 elephants, 2 komodo
dragons, a wyvern (wandering) and a jelly.

Vanquished Creatures
  Gastronok (Lair:3)
  Snorg (D:10)
  Fannar (Lair:2)
  A hydra (Lair:5)
  4 boulder beetles
  2 two-headed ogres
  Urug (Lair:2)
  Amaemon (Lair:2)
  A fire crab (Lair:3)
  2 skysharks (Lair:3)
  Pikel (D:6)
  A cyclops (D:11)
  4 black mambas
  11 elephants
  Joseph (D:8)
  A torpor snail (Lair:3)
  12 cane toads
  An orange demon (Lair:2)
  A water nymph (Lair:3)
  Psyche (D:8)
  An unseen horror (D:11)
  6 komodo dragons
  3 rime drakes
  2 polar bears
  3 trolls
  12 blink frogs
  7 dream sheep
  A hornet (D:8)
  Sigmund (D:2)
  A shadow (D:10)
  4 slime creatures (D:10)
  50 yaks
  A wraith (D:9)
  3 wyverns
  Eustachio (D:6)
  5 basilisks
  3 vampire mosquitoes (D:11)
  2 acid dragons
  3 wargs (D:9)
  18 water moccasins
  2 hell hounds (Lair:5)
  4 orc warriors
  An ice beast (D:5)
  A sky beast (D:7)
  3 centaurs
  5 wolves (Lair:2)
  A lemure (D:6)
  A phantom (D:4)
  5 kobold brigands
  2 gnoll sergeants
  14 bullfrogs
  3 scorpions
  12 wights
  14 killer bees
  3 electric eels (Lair:2)
  7 howler monkeys
  A lava snake (Lair:2)
  2 gnoll boudas
  2 hounds
  3 jellies
  9 orc priests
  Crazy Yiuf (D:3)
  4 iguanas
  Natasha (thrice) (D:3)
  12 orc wizards
  10 hell rats (Lair:5)
  Terence (D:3)
  12 gnolls
  11 adders
  A white imp (D:6)
  An ufetubus (D:4)
  A worm (D:2)
  4 dart slugs
  48 orcs
  3 ball pythons
  6 bats
  10 endoplasms
  3 giant cockroaches
  10 goblins
  8 hobgoblins
  6 jackals
  33 kobolds
  5 quokkas
  3 frilled lizards
  8 rats
475 creatures vanquished.

Vanquished Creatures (others)
  A lava snake (Lair:2)
1 creature vanquished.

Grand Total: 476 creatures vanquished

Notes
Turn   | Place    | Note
-------+----------+-------------------------------------------
     0 | D:1      | growler the Merfolk Transmuter began the quest for the Orb.
     0 | D:1      | Reached XP level 1. HP: 15/15 MP: 3/3
   121 | D:1      | Reached XP level 2. HP: 8/21 MP: 3/5
   124 | D:1      | Learned a level 2 spell: Wereblood
   625 | D:1      | Reached XP level 3. HP: 26/26 MP: 4/6
   629 | D:1      | Learned a level 3 spell: Spider Form
  1496 | D:2      | Reached skill level 4 in Unarmed Combat
  1668 | D:2      | Reached XP level 4. HP: 18/32 MP: 8/8
  1733 | D:2      | Identified the +0 ring mail of the Evening {Stlth+}
  1936 | D:2      | Noticed Sigmund
  2447 | D:2      | Killed Sigmund
  2448 | D:2      | Reached skill level 6 in Unarmed Combat
  2448 | D:2      | Reached XP level 5. HP: 26/37 MP: 6/9
  2448 | D:2      | Reached XP level 6. HP: 31/43 MP: 6/10
  2764 | D:3      | Found a snail-covered altar of Cheibriados.
  3042 | D:3      | Noticed Terence
  3049 | D:3      | Killed Terence
  3254 | D:3      | HP: 2/42 [disintegration (15)]
  3409 | D:3      | Reached skill level 7 in Unarmed Combat
  3596 | D:3      | Found a sacrificial altar of Ru.
  3626 | D:3      | Noticed Natasha
  3631 | D:3      | Killed Natasha
  3632 | D:3      | Reached XP level 7. HP: 48/48 MP: 9/11
  3830 | D:3      | Found a runed translucent door.
  3831 | D:3      | Noticed Crazy Yiuf
  3871 | D:3      | Noticed Natasha
  3878 | D:3      | Killed Natasha
  4110 | D:3      | Killed Crazy Yiuf
  4274 | D:3      | Noticed Natasha
  4282 | D:3      | Killed Natasha
  4283 | D:3      | Reached skill level 8 in Unarmed Combat
  4733 | D:3      | Found a sacrificial altar of Ru.
  4971 | D:4      | Found a basalt altar of Yredelemnul.
  4971 | D:4      | Found a burning altar of Makhleb.
  5098 | D:4      | You fall into a shaft and drop 2 floors!
  5134 | D:5      | Entered Level 5 of the Dungeon
  5403 | D:4      | Found a staircase to the Ecumenical Temple.
  5421 | D:4      | Reached skill level 9 in Unarmed Combat
  5423 | Temple   | Entered the Ecumenical Temple
  5579 | Temple   | Became a worshipper of the Wu Jian Council
  5718 | D:5      | Found a shimmering blue altar of Sif Muna.
  5797 | D:5      | Found a broken altar of Ashenzari.
  5832 | D:5      | Reached XP level 8. HP: 52/54 MP: 10/12
  6002 | D:5      | Found a bloodstained altar of Trog.
  6012 | D:5      | Reached skill level 10 in Unarmed Combat
  6017 | D:5      | Learned a level 4 spell: Ice Form
  6307 | D:5      | Found Iluxotin's Armour Boutique.
  6534 | D:5      | Reached skill level 1 in Ice Magic
  6840 | D:6      | Reached * piety under Wu Jian
  6984 | D:6      | Noticed Eustachio
  7012 | D:6      | Killed Eustachio
  7013 | D:6      | Reached skill level 5 in Transmutations
  7068 | D:6      | Noticed Pikel
  7083 | D:6      | Killed Pikel
  7084 | D:6      | Reached XP level 9. HP: 23/65 MP: 7/15
  7534 | D:6      | Found a radiant altar of Vehumet.
  7901 | D:7      | Reached skill level 11 in Unarmed Combat
  8103 | D:7      | Reached skill level 5 in Fighting
  8110 | D:7      | Reached ** piety under Wu Jian
  8248 | D:7      | Found an iron altar of Okawaru.
  8782 | D:8      | Noticed a hornet
  8792 | D:8      | Killed a hornet
  8793 | D:8      | Reached XP level 10. HP: 53/77 MP: 8/16
  8924 | D:8      | Reached skill level 12 in Unarmed Combat
  9131 | D:8      | Noticed a two-headed ogre
  9141 | D:8      | Killed a two-headed ogre
  9385 | D:8      | Reached *** piety under Wu Jian
  9395 | D:8      | Reached skill level 13 in Unarmed Combat
  9411 | D:8      | Noticed Joseph
  9468 | D:8      | Killed Joseph
  9670 | D:8      | Noticed Psyche
  9682 | D:8      | Killed Psyche
  9923 | D:8      | Reached XP level 11. HP: 53/89 MP: 17/17
 10065 | D:8      | Found a hide-covered altar of Uskayaw.
 10254 | D:9      | Found a staircase to the Lair.
 10256 | D:9      | Reached skill level 1 in Stealth
 10359 | D:9      | Found Tileca's General Store.
 10365 | D:9      | Bought a scroll of identify for 26 gold pieces
 11074 | D:10     | Entered Level 10 of the Dungeon
 11158 | D:10     | Reached skill level 10 in Fighting
 11173 | D:10     | Reached **** piety under Wu Jian
 11177 | D:10     | Reached skill level 5 in Dodging
 11179 | D:10     | Reached skill level 14 in Unarmed Combat
 11304 | D:10     | Noticed Snorg
 11665 | D:10     | Noticed a two-headed ogre
 11673 | D:10     | Killed a two-headed ogre
 11953 | D:10     | Killed Snorg
 11954 | D:10     | Reached skill level 5 in Stealth
 12398 | D:11     | Noticed a boulder beetle
 12419 | D:11     | Killed a boulder beetle
 12420 | D:11     | Reached XP level 12. HP: 60/99 MP: 13/18
 12628 | D:11     | Noticed a boulder beetle
 12653 | D:11     | Killed a boulder beetle
 13270 | Lair:1   | Entered Level 1 of the Lair of Beasts
 14177 | Lair:1   | Reached skill level 15 in Unarmed Combat
 14196 | Lair:1   | Reached ***** piety under Wu Jian
 14514 | Lair:2   | Noticed Urug
 14525 | Lair:2   | Killed Urug
 14600 | Lair:2   | Found a staircase to the Snake Pit.
 14715 | Lair:2   | Noticed Amaemon
 14870 | Lair:2   | Killed Amaemon
 14909 | Lair:2   | Reached XP level 13. HP: 109/109 MP: 19/19
 14914 | Lair:2   | Identified the +3 leather armour of the Bells {rC+}
 14958 | Lair:2   | Noticed Fannar
 14967 | Lair:2   | Learned a level 6 spell: Statue Form
 14982 | Lair:2   | Killed Fannar
 16026 | Lair:3   | Noticed Gastronok
 16032 | Lair:3   | Reached skill level 16 in Unarmed Combat
 16116 | Lair:3   | Reached skill level 10 in Transmutations
 16116 | Lair:3   | Reached skill level 1 in Earth Magic
 16403 | Lair:3   | Found a staircase to the Shoals.
 16650 | Lair:3   | Killed Gastronok
 16943 | Lair:3   | Found a runed translucent door.
 17477 | Lair:4   | Identified a scroll of acquirement
 17479 | Lair:4   | Acquired a book of Transfigurations
 17665 | Lair:4   | Reached XP level 14. HP: 111/119 MP: 18/20
 17671 | Lair:4   | Learned a level 5 spell: Blade Hands
 18182 | Lair:5   | Entered Level 5 of the Lair of Beasts
 18229 | Lair:5   | Reached skill level 17 in Unarmed Combat
 18242 | Lair:5   | Reached skill level 5 in Earth Magic
 18329 | Lair:5   | Found a staircase to the Slime Pits.
 18376 | Lair:5   | HP: 3/145 [eight-headed hydra (8)]
 18376 | Lair:5   | Slain by an eight-headed hydra

Illustrated notes

Levels and vault maps discovered:
D:1:      reono_arrival_mine, layout_basic, supply_closet_lemuel, minivault_24,
          hex_large, hangedman_decor_opposing, minmay_distorted
D:2:      layout_rooms, uniq_sigmund
D:3:      layout_basic, mainiacjoe_overflow_brackets,
          mainiacjoe_overflow_small_starburst, guppyfry_early_orc_mine,
          uniq_crazy_yiuf_cottage, uniq_natasha, uniq_terence
D:4:      layout_loops_ring, nicolae_overflow_two_pavilions,
          minmay_temple_entry_statues_fountains
D:5:      layout_rooms, mainiacjoe_overflow_six_doors_small,
          mainiacjoe_overflow_chevrons, mainiacjoe_overflow_cross_hatched,
          serial_shops, shop, palyth_stone_intersect, st_stairs_10
D:6:      layout_basic, mainiacjoe_overflow_surrounded_room, uniq_eustachio,
          uniq_pikel
D:7:      layout_basic, mainiacjoe_overflow_alcove_1
D:8:      nicolae_hitomezashi [nicolae_hito_row, nicolae_hito_row,
          nicolae_hito_row, nicolae_hito_row, nicolae_hito_row,
          nicolae_hito_row, nicolae_hito_row, nicolae_hito_row,
          nicolae_hito_row, nicolae_hito_row, nicolae_hito_row,
          nicolae_hito_row, nicolae_hito_row, nicolae_hito_row,
          nicolae_hito_row, nicolae_hito_row, nicolae_hito_row,
          nicolae_hito_row], layout_basic, lemuel_coloured_pillars_altar,
          uniq_psyche, uniq_joseph
D:9:      layout_roguey, erik_lair_orcish_takeover, serial_shops, shop,
          enter_bailey_3
D:10:     layout_long_grid, uniq_snorg
D:11:     layout_loops_ring
Temple:   hellmonk_temple_forest_ring
Lair:1:   layout_small_grid, grunt_megastairs_1
Lair:2:   layout_hall_layers, dummy_snake_entry, nicolae_lair_liquid_snakes,
          uniq_amaemon, uniq_fannar, uniq_urug
Lair:3:   gammafunk_lair_enchanted_lake, layout_gridlike,
          nicolae_shoals_entry_flooding, chequers_serial_rivers_micro_e,
          uniq_gastronok
Lair:4:   layout_roguey, chequers_serial_rivers_micro_b, serial_bayou_ford_a,
          dreamdust_gnoll_shepherd
Lair:5:   evilmike_catoblepas_cave, layout_misc_corridors,
          nicolae_slime_entry_field_trip, basic_altar, special_room
          [special_room_mythical_zoo], ebering_ghost_disaster_area,
          hellmonk_guarded_unrand_vines, infiniplex_staircase_pool_2

Skill      XL: |  1  2  3  4  5  6  7  8  9 10 11 12 13 14 |
---------------+-------------------------------------------+-----
Transmutations | 3 4 6 8 10 | 10.0
Unarmed Combat | 4 6 7 9 10 11 13 14 15 16 17 | 17.2
Spellcasting   | 3 4 |  4.0
Fighting       | 3 6 9 10 12 13 14 | 14.5
Ice Magic      | 3 4 |  4.0
Dodging        | 6 9 |  9.0
Stealth        | 5 6 |  6.0
Earth Magic    | 4 5 |  5.0

Action                     |  1- 3 |  4- 6 |  7- 9 | 10-12 | 13-15 || total
---------------------------+-------+-------+-------+-------+-------++-------
  Melee: Unarmed           |   104 |   149 |   345 |   455 |   384 ||  1437
         Headbutt          |    18 |    14 |    40 |     8 |       ||    80
         Punch             |     2 |     6 |     9 |     6 |    12 ||    35
   Cast: Beastly Appendage |    22 |    19 |    28 |     8 |       ||    77
         Wereblood         |     1 |     6 |    12 |     7 |     3 ||    29
         Spider Form       |       |     6 |    12 |       |       ||    18
         Ice Form          |       |       |     4 |    40 |    21 ||    65
         Blade Hands       |       |       |       |       |     6 ||     6
 Invoke: Serpent's Lash    |       |       |       |     4 |     4 ||     8
Ability: Lunge             |       |       |    22 |    55 |    27 ||   104
         Whirlwind         |       |       |    26 |   125 |   147 ||   298
         End Transformatio |       |       |       |       |     1 ||     1
  Evoke: Wand              |       |       |     2 |       |     5 ||     7
    Use: Scroll            |       |     1 |     2 |    20 |     7 ||    30
         Potion            |       |     1 |       |       |     1 ||     2
   Stab: Sleeping          |     1 |       |     1 |     8 |     3 ||    13
         Distracted        |       |       |       |       |     2 ||     2
 Armour: Robe              |    21 |    16 |    60 |     8 |    13 ||   118
         Skin              |       |     6 |    11 |    37 |    33 ||    87
  Dodge: Dodged            |    67 |    85 |   172 |   232 |   196 ||   752
